 Dungeon Crawl Stone Soup version 0.31-a0-1626-g5cb510d (webtiles) character file.

Game seed: 6597347595365820918

808 PidgeyThePirate the Chopper (level 7, 0/56 HPs)
             Began as a Demonspawn Monk on Jan 11, 2024.
             Slain by Pikel
             ... wielding a +0 whip of electrocution
              (4 damage)
             ... on level 5 of the Dungeon.
             The game lasted 00:06:21 (3996 turns).

PidgeyThePirate the Chopper (Demonspawn Monk)       Turns: 3996, Time: 00:06:22

Health: 0/56       AC:  8    Str: 13    XL:     7   Next: 60%
Magic:  9/9        EV: 10    Int: 10    God:
Gold:   211        SH:  0    Dex: 16    Spells: 6/6 levels left

rFire   . . .        f - +0 broad axe
rCold   + . .        d - orb {light}
rNeg    . . .        q - +0 scale mail
rPois   .            (helmet restricted)
rElec   .            (no cloak)
rCorr   .            (no gloves)
SInv    +            u - +0 pair of boots
Will    .....        (no amulet) Stlth
                     j - ring of see invisible
HPRegen 0.29/turn    r - ring of protection from cold
MPRegen 0.11/turn

%: no passive effects
@: mighty, attractive, glowing
A: horns 1, rugged brown scales 1, powered by pain 1
a: no special abilities


You were on level 5 of the Dungeon.
You visited 1 branch of the dungeon, and saw 5 of its levels.

You collected 211 gold pieces.

Inventory:

Hand Weapons
 a - a +0 short sword
 f - a +0 broad axe (weapon)
Armour
 b - a +0 robe
 d - an orb of light (worn)
 i - a +0 ring mail
 q - a +0 scale mail (worn)
 u - a +0 pair of boots (worn)
 v - a +0 chain mail
Jewellery
 j - a ring of see invisible (left hand)
 r - a ring of protection from cold (right hand)
 y - a +6 ring of intelligence
Wands
 t - a wand of paralysis (11)
Scrolls
 e - 2 scrolls of enchant armour
 g - 2 scrolls of identify
 h - 3 scrolls of noise {unknown}
 l - a scroll of enchant weapon {unknown}
 m - 2 scrolls of poison {unknown}
 w - 2 scrolls of fog {unknown}
 A - a scroll of immolation {unknown}
 C - a scroll of vulnerability {unknown}
Potions
 c - a potion of ambrosia
 k - a potion of enlightenment {unknown}
 n - 2 potions of curing {unknown}
 o - 3 potions of attraction
 p - a potion of berserk rage {unknown}
 s - 2 potions of heal wounds {unknown}
 x - 2 potions of brilliance {unknown}
 z - a potion of cancellation {unknown}
 B - a potion of might {unknown}


   Skills:
 + Level 4.3 Fighting
 + Level 2.8 Short Blades
 * Level 5.9 Axes
 + Level 1.7 Armour
 + Level 3.2 Dodging
 + Level 0.4 Stealth
 * Level 3.3 Invocations


You had 6 spell levels left.
You didn't know any spells.
Your spell library contained the following spells:

 Spells                   Type           Power      Damage    Failure   Level
 Freeze                   Ice            0%         1d3       87%         1
 Frozen Ramparts          Ice            0%         1d1       99%         3
 Hailstorm                Conj/Ice       0%         3d5       99%         3
 Alistair's Intoxication  Alch           0%         N/A       100%        5
 Borgnjor's Vile Clutch   Necr/Erth      0%         N/A       100%        5
 Eringya's Noxious Bog    Alch           0%         4d6       100%        6


Dungeon Overview and Level Annotations

Branches:
Dungeon (5/15)
 Temple: D:4-7

Altars:
Cheibriados
Makhleb
Xom

Shops:
D:2 :

Annotations:
D:5 Pikel


Innate Abilities, Weirdness & Mutations

You have a pair of small horns on your head.
You are partially covered in rugged brown scales. (AC +1, +3% HP)
You sometimes gain a little power by taking damage.


Message History

You hit the orc. The orc barely misses you.
The orc hits you with a +0 hand axe.
You slash the orc!
You kill the orc!
You hit Pikel but do no damage. Pikel barely misses you.
You hit Pikel but do no damage.
Pikel hits you with a +0 whip of electrocution!
You are electrocuted!
You focus on the pain.
You feel very mighty all of a sudden.
A lemure comes into view.
Pikel barely misses you. The lemure hits you.
You barely miss Pikel. You closely miss the lemure.
The lemure shouts!
Pikel hits you with a +0 whip of electrocution.
A lemure comes into view.
The lemure hits you but does no damage.
You barely miss the lemure.
The lemure shouts!
You hit Pikel.
You hear a shout!
Pikel hits you with a +0 whip of electrocution.
The lemure hits you but does no damage.
You slash the lemure!
The lemure is heavily wounded.
You barely miss Pikel. Pikel hits you but does no damage.
A lemure comes into view.
The lemure misses you.
It was a potion of attraction.
You feel attractive to monsters.
Pikel hits you with a +0 whip of electrocution.
* * * LOW HITPOINT WARNING * * *
You are electrocuted!
* * * LOW HITPOINT WARNING * * *
The lemure closely misses you.
As you read the scroll labelled AGGOMO WASUES, it crumbles to dust.
It is a scroll of identify.
e - 2 scrolls of enchant armour Pikel hits you with a +0 whip of electrocution.
You die...
Pikel says, "Another soul for the market."

..#................+
..#+##########.....#
#.. #.>..##.....###+
#...
#....)..........
#...............
#...............
#######..##+####+
#..#.......
#..@55.....
#..#K5.....
####.=..... ..#####
..# ..# ..# ..#


You could see Pikel and 3 lemures.

Vanquished Creatures
  Sigmund (D:5)
  An ogre (D:5)
  A phantom (D:5)
  A scorpion (D:4)
  A bullfrog (D:4)
  2 sleepcaps (D:5)
  Terence (D:2)
  3 iguanas (D:4)
  2 orc wizards
  6 adders
  2 dart slugs
  14 orcs
  4 endoplasms
  3 giant cockroaches
  8 goblins
  9 hobgoblins
  9 jackals
  5 quokkas
  8 ball pythons
  5 bats
  2 frilled lizards (D:3)
  6 kobolds
  2 rats (D:3)
96 creatures vanquished.

Notes
Turn   | Place    | Note
-------+----------+-------------------------------------------
     0 | D:1      | PidgeyThePirate the Demonspawn Monk began the quest for the
                  | Orb.
     0 | D:1      | Reached XP level 1. HP: 18/18 MP: 1/1
   580 | D:1      | Gained mutation: You have a pair of small horns on your
                  | head. [demonic ancestry]
   580 | D:1      | Reached XP level 2. HP: 21/24 MP: 2/2
  1187 | D:2      | Found Hoptu's Vocational Training.
  1209 | D:2      | Reached skill level 1 in Axes
  1284 | D:2      | Reached XP level 3. HP: 29/29 MP: 3/3
  1470 | D:2      | Noticed Terence
  1484 | D:2      | Killed Terence
  1485 | D:2      | Reached skill level 1 in Invocations
  1631 | D:3      | Gained mutation: You are partially covered in rugged brown
                  | scales. (AC +1, +3% HP) [demonic ancestry]
  1631 | D:3      | Reached XP level 4. HP: 19/38 MP: 4/4
  1793 | D:3      | Reached skill level 2 in Axes
  2611 | D:4      | Noticed a bullfrog
  2616 | D:4      | Killed a bullfrog
  2617 | D:4      | Reached skill level 3 in Axes
  2617 | D:4      | Reached skill level 1 in Armour
  2617 | D:4      | Reached XP level 5. HP: 32/43 MP: 4/6
  2706 | D:4      | Found a snail-covered altar of Cheibriados.
  2745 | D:4      | Found a burning altar of Makhleb.
  3060 | D:4      | Gained mutation: You sometimes gain a little power by
                  | taking damage. [demonic ancestry]
  3060 | D:4      | Reached XP level 6. HP: 28/49 MP: 7/7
  3256 | D:4      | Reached skill level 4 in Axes
  3512 | D:5      | Entered Level 5 of the Dungeon
  3513 | D:5      | Noticed an angel
  3514 | D:5      | Found a shimmering altar of Xom.
  3517 | D:5      | Noticed Sigmund
  3532 | D:5      | Killed Sigmund
  3533 | D:5      | Reached skill level 5 in Axes
  3533 | D:5      | Reached XP level 7. HP: 39/55 MP: 7/9
  3982 | D:5      | Noticed Pikel
  3996 | D:5      | Slain by Pikel

Illustrated notes

Levels and vault maps discovered:
D:1:      saegor_arrival_simple_c, layout_loops_corners, minmay_misc_feat_cross
D:2:      layout_basic, nicolae_shop_vocational, uniq_terence
D:3:      layout_basic
D:4:      layout_loops_ring, mainiacjoe_overflow_large_starburst
D:5:      layout_gridville, grunt_temple_overflow_order_and_chaos_1,
          uniq_crazy_yiuf_cottage, uniq_sigmund, uniq_pikel

Skill      XL: |  1  2  3  4  5  6  7 |
---------------+----------------------+-----
Axes           | 1 3 5 |  5.9
Invocations    | 1 2 3 |  3.3
Dodging        | 3 |  3.2
Armour         | 1 |  1.7
Fighting       | 4 |  4.3
Short Blades   | |  2.8
Stealth        | |  0.4

Action                     |  1- 3 |  4- 6 |  7- 9 || total
---------------------------+-------+-------+-------++-------
  Melee: Broad axe         |    60 |   123 |    36 ||   219
         Short sword       |     2 |       |       ||     2
         Headbutt          |     7 |    13 |     8 ||    28
    Use: Scroll            |       |       |     1 ||     1
         Potion            |       |       |     1 ||     1
 Armour: Ring mail         |    30 |       |       ||    30
         Robe              |     2 |       |       ||     2
         Scale mail        |     9 |    98 |    31 ||   138
  Dodge: Dodged            |    44 |    93 |    18 ||   155

Table legend: (Time is in decaauts)
 A = Elapsed time spent in this place.
 B = Non-inter-level travel time spent in this place.
 C = Inter-level travel time spent in this place.
 D = Time resting spent in this place.
 E = Time spent auto-exploring this place.
 F = Levels seen in this place.
 G = Mean time per level.
                   A        B        C        D        E       F      G
               +--------+--------+--------+--------+--------+-----+--------+
         Total |   4093 |   3854 |    239 |      0 |   3042 |   5 |  818.6 |
       Dungeon |   4093 |   3854 |    239 |      0 |   3042 |   5 |  818.6 |
               +--------+--------+--------+--------+--------+-----+--------+

Top non-repeatable levels by time:
     D:3: 1009 daAuts
     D:1: 991 daAuts
     D:4: 939 daAuts
     D:2: 653 daAuts
     D:5: 499 daAuts
